 Dungeon Crawl Stone Soup version 0.31-a0-198-g2ad674f65e (webtiles) character file.

Game seed: 8780332206485546906

5 qw the Shooter (level 1, -1/12 HPs)
             Began as a Deep Elf Hunter on June 25, 2023.
             Slain by a kobold
             ... wielding a +0 dagger
              (2 damage)
             ... on level 1 of the Dungeon.
             The game lasted 00:00:01 (30 turns).

qw the Shooter (Deep Elf Hunter)                      Turns: 30, Time: 00:00:02

Health: -1/12      AC:  3    Str:  8    XL:     1   Next: 66%
Magic:  3/3        EV: 12    Int: 13    God:
Gold:   15         SH:  0    Dex: 18    Spells: 0/0 levels left

rFire   . . .        a - +0 shortbow
rCold   . . .        (shield currently unavailable)
rNeg    . . .        c - +0 leather armour
rPois   .            (no helmet)
rElec   .            (no cloak)
rCorr   .            (no gloves)
SInv    .            (no boots)
Will    .....        (no amulet)
Stlth   ++           (no ring)
HPRegen 0.22/turn    (no ring)
MPRegen 0.08/turn

%: no passive effects
@: no status effects
A: no striking features
a: no special abilities


You were on level 1 of the Dungeon.
You visited 1 branch of the dungeon, and saw 2 of its levels.

You collected 15 gold pieces.


   Skills:
 - Level 1.5 Fighting
 + Level 5.7 Ranged Weapons
 - Level 2.4 Dodging
 - Level 1.2 Stealth


You couldn't memorise any spells.
You didn't know any spells.
Your spell library was empty.

Inventory:

Hand Weapons
 a - a +0 shortbow (weapon)
Armour
 c - a +0 leather armour (worn)

Dungeon Overview and Level Annotations

Branches:
Dungeon (2/15)

Altars:


Message History

The goblin is moderately wounded.
You hear an angry hiss.
The goblin hits you but does no damage.
You shoot an arrow. The arrow barely misses the goblin.
The goblin hits you but does no damage. The goblin barely misses you.
A ball python comes into view.
You shoot an arrow. The arrow closely misses the goblin.
The goblin closely misses you. The goblin completely misses you.
The ball python barely misses you. The ball python grabs you.
The ball python constricts you.
You shoot an arrow. The arrow hits the ball python.
The ball python is moderately wounded.
The ball python closely misses you. The ball python constricts you.
The goblin barely misses you. The goblin hits you with a +0 dagger.
The ball python barely misses you. The ball python constricts you.
The goblin hits you with a +0 dagger. The goblin hits you but does no damage.
You shoot an arrow.
The arrow barely misses the ball python.
The ball python barely misses you. The ball python constricts you.
The goblin hits you but does no damage. x2
You shoot an arrow. The arrow hits the ball python.
You kill the ball python!
The goblin barely misses you. The goblin hits you with a +0 dagger.
You shoot an arrow. The arrow hits the goblin.
You kill the goblin!
The kobold hits you but does no damage. The goblin hits you but does no damage.
The ball python barely misses you. The ball python misses you.
You shoot an arrow. The arrow hits the goblin.
You kill the goblin!
The ball python bites you. The ball python misses you.
The kobold closely misses you.
You shoot an arrow. The arrow hits the kobold.
You kill the kobold!
The ball python barely misses you. x2; The kobold hits you but does no damage.
The ball python bites you. The ball python grabs you.
The ball python constricts you.
You shoot an arrow. The arrow hits the ball python!
You kill the ball python!
The kobold hits you with a +0 dagger. x2
You die...

.....
..# .#
.....
#.# .#
.....
#.# .#
....
+.# .#
#!.#
..# .#
##..%
#.# .#
#$##K)#
#.###.#
#^.r@#
#.....#
##.###
..###.#
.. #.#
.# #.#
#.# ##
# ..#
###


You could see a kobold and a rat.

Vanquished Creatures
  A bat (D:1)
  2 goblins (D:1)
  2 ball pythons (D:1)
  A kobold (D:1)
6 creatures vanquished.

Notes
Turn   | Place    | Note
-------+----------+-------------------------------------------
     0 | D:1      | qw the Deep Elf Hunter began the quest for the Orb.
     0 | D:1      | Reached XP level 1. HP: 12/12 MP: 3/3
     0 | D:1      | 0 ||| qw: Version: 0.3-a-22-g0ed2b0b
     0 | D:1      | 0 ||| qw: Game counter: 5003
     0 | D:1      | 0 ||| qw: Melee chars always use a shield: true
     0 | D:1      | 0 ||| qw: God list: Okawaru
     0 | D:1      | 0 ||| qw: Allow faded altars: false
     0 | D:1      | 0 ||| qw: Do Orc after clearing Dungeon:15 true
     0 | D:1      | 0 ||| qw: Do second Lair branch before Depths: true
     0 | D:1      | 0 ||| qw: Lair rune preference: random
     0 | D:1      | 0 ||| qw: Goals: Normal
     0 | D:1      | 0 ||| PLANNING D:1-11
    12 | D:1      | You fall into a shaft and drop 1 floor!
    13 | D:2      | 13 ||| DROPPING scroll of butterflies.
    16 | D:2      | 16 ||| FLEEEEING.
    17 | D:2      | 17 ||| FLEEEEING.
    18 | D:2      | 18 ||| STAIRDANCE
    29 | D:1      | HP: 1/12 [ball python (3)]
    30 | D:1      | Slain by a kobold

Levels and vault maps discovered:
D:1:      onia_arrival_mini_maze_b, layout_rooms, ebering_ecumenical_altar_rust
D:2:      layout_basic, uniq_jessica

Action                     || total
---------------------------++-------
   Fire: Shortbow          ||    11
 Armour: Leather armour    ||     8
  Dodge: Dodged            ||    16

Table legend:
 A = Non-vault XP
 B = Vault XP
 C = Vault XP percentage of total XP
 D = Non-vault monster count
 E = Vault monster count
 F = Vault count percentage of total count
                 A         B        C        D         E       F
            +---------+---------+-------+---------+---------+-------
      Total |       9 |       0 |   0.0 |       6 |       0 |   0.0
            +---------+---------+-------+---------+---------+-------
        D:1 |       9 |       0 |   0.0 |       6 |       0 |   0.0
            +---------+---------+-------+---------+---------+-------
